 Dungeon Crawl Stone Soup version 0.27-a0-828-g8289197e94 (webtiles) character file.

Game seed: 8200309352243940543

1 polve the Magician (level 1, 0/15 HPs)
             Began as a Djinni Hedge Wizard on Mar 30, 2021.
             Slain by a jackal (2 damage)
             ... on level 1 of the Dungeon.
             The game lasted 00:00:08 (31 turns).

polve the Magician (Djinni Hedge Wizard)              Turns: 31, Time: 00:00:08

Health: 0/15       AC:  2    Str:  9    XL:     1   Next: 20%
Gold:   0          EV: 12    Int: 15    God:
                   SH:  0    Dex: 12

rFire    + + .     SeeInvis .   a - +0 dagger
rCold    x . .     Faith    .   (no shield)
rNeg     . . .     Spirit   .   b - +0 robe
rPois    ∞         Reflect  .   c - +0 hat
rElec    .         Harm     .   (no cloak)
rCorr    .         Rampage  .   (no gloves)
Will     .....                  (boots unavailable)
Stlth    ++........             (no amulet)
HPRegen  0.05/turn              (no ring)
MPRegen  0.00/turn              (no ring)

@: flying
A: fire resistance 2, cold vulnerability 1, float, innate caster, hp casting,
extra vitality 1
a: no special abilities


You were on level 1 of the Dungeon.
You visited 1 branch of the dungeon, and saw 1 of its levels.

Inventory:

Hand Weapons
 a - a +0 dagger (weapon)
Armour
 b - a +0 robe (worn)
 c - a +0 hat (worn)


   Skills:
 - Level 2.1 Dodging
 - Level 1.5 Stealth
 + Level 2.7 Spellcasting


You couldn't memorise any spells.
You knew the following spells:

 Your Spells              Type           Power      Damage    Failure   Level
a - Magic Dart            Conj           40%        1d5       7%          1
b - Blink                 Tloc           N/A        N/A       10%         2
c - Call Imp              Summ           10%        N/A       10%         2
d - Slow                  Hex            10%        N/A       10%         2
e - Conjure Flame         Conj/Fire      10%        6-21      21%         3
f - Mephitic Cloud        Conj/Pois/Air  10%        N/A       21%         3
Your spell library was empty.

Dungeon Overview and Level Annotations

Branches:
Dungeon (1/15)

Altars:


Innate Abilities, Weirdness & Mutations

You are immune to poison.
Your flesh is very heat resistant. (rF++)
You are vulnerable to cold. (rC-)
You float through the air rather than walking.
You learn spells naturally, not from books.
Your magical power is your life essence.
You have superior vitality. (+4 HP)


Message History

You are too injured to fight recklessly!
You are too injured to fight recklessly!
You are too injured to fight recklessly!
You are too injured to fight recklessly!
You are too injured to fight recklessly!
You are too injured to fight recklessly!
You are too injured to fight recklessly!
You hit the jackal.
The jackal is severely wounded.
The jackal closely misses you. The jackal bites you. x2
You closely miss the jackal. The jackal closely misses you.
The jackal bites you.
The jackal bites you but does no damage.
You hit the jackal but do no damage. The jackal completely misses you.
The jackal misses you.
You hit the jackal but do no damage. The jackal closely misses you.
The jackal barely misses you. The jackal bites you. x2
You hit the jackal.
The jackal is moderately wounded.
The jackal barely misses you. The jackal misses you.
You hit the jackal.
You kill the jackal!
The jackal barely misses you. The jackal bites you.
* * * LOW HITPOINT WARNING * * *
A kobold comes into view. It is wielding a +0 dagger.
The jackal misses you.
The jackal bites you but does no damage.
Casting: Magic Dart (safe; 7% risk of failure)
Confirm with . or Enter, or press ? or * to list all spells.
Aiming: Magic Dart (safe; 7% risk of failure)
Press: ? - help, Shift-Dir - straight line, f - jackal
Aim: a jackal (moderately wounded, 0% to evade)
The magic dart hits the jackal.
The jackal is heavily wounded.
* * * LOW HITPOINT WARNING * * *
The jackal barely misses you.
You barely miss the jackal.
The jackal is heavily wounded.
The jackal bites you.
You die...

#### #.. #.#
#####.# #.@h..#
#.###.K......
######.######.....
#≈≈≈≈♣.♣≈≈≈≈# ....
#≈...♣.♣...≈# .##
#≈.P.....♣.≈# #
#≈PPP...♣♣♣≈#
##♣.P.....♣.♣##
..≈....<.......#


You could see a jackal and a kobold.

Vanquished Creatures
  A jackal (D:1)
1 creature vanquished.

Notes
Turn   | Place    | Note
-------+----------+-------------------------------------------
     0 | D:1      | polve the Djinni Hedge Wizard began the quest for the Orb.
     0 | D:1      | Reached XP level 1. HP: 15/15 MP: 0/0
    31 | D:1      | Slain by a jackal

Illustrated notes

Levels and vault maps discovered:
D:1:      ldierk_walled_garden, layout_loops_ring

Action                   || total
-------------------------++-------
Melee: Dagger            ||     7
 Cast: Magic Dart        ||     2
Armor: Robe              ||     2
Dodge: Dodged            ||    11

Table legend: (Time is in decaauts)
 A = Elapsed time spent in this place.
 B = Non-inter-level travel time spent in this place.
 C = Inter-level travel time spent in this place.
 D = Time resting spent in this place.
 E = Time spent auto-exploring this place.
 F = Levels seen in this place.
 G = Mean time per level.
                   A        B        C        D        E       F      G
               +--------+--------+--------+--------+--------+-----+--------+
         Total |     31 |     31 |      0 |      0 |     17 |   1 |   31.0 |
       Dungeon |     31 |     31 |      0 |      0 |     17 |   1 |   31.0 |
               +--------+--------+--------+--------+--------+-----+--------+

Top non-repeatable levels by time:
     D:1: 31 daAuts
